 Dungeon Crawl Stone Soup version 0.27-a0-1081-ge8a0a9c698 (webtiles) character file.

Game seed: 13894174635393242257

163 tardwrangler69 the Poker (level 5, -1/41 HPs)
             Began as a Merfolk Gladiator on Apr 25, 2021.
             Slain by a crimson imp
             ... wielding a +2 dagger of chaos
              (3 damage)
             ... on level 3 of the Dungeon.
             The game lasted 00:02:16 (2913 turns).

tardwrangler69 the Poker (Merfolk Gladiator)        Turns: 2913, Time: 00:02:16

Health: -1/41      AC:  4    Str: 15    XL:     5   Next: 44%
Magic:  4/4        EV: 14    Int:  9    God:
Gold:   107        SH:  0    Dex: 16    Spells: 4/4 levels left

rFire    . . .     SeeInvis .   a - +1 trident
rCold    . . .     Faith    .   (no shield)
rNeg     . . .     Spirit   .   b - +0 leather armour
rPois    .         Reflect  .   c - +0 helmet
rElec    .         Harm     .   (no cloak)
rCorr    .         Rampage  .   (no gloves)
Will     .....                  (no boots)
Stlth    +.........             (no amulet)
HPRegen  0.13/turn              (no ring)
MPRegen  0.09/turn              (no ring)

@: no status effects
A: (nimble swimmer 2), mertail, clever 1, low mp 1, MP-powered wands
a: no special abilities


You were on level 3 of the Dungeon.
You visited 1 branch of the dungeon, and saw 3 of its levels.

You collected 107 gold pieces.

Inventory:

Hand Weapons
 a - a +1 trident (weapon)
Missiles
 d - 3 throwing nets (quivered)
Armour
 b - a +0 leather armour (worn)
 c - a +0 helmet (worn)
Jewellery
 e - an amulet of magic regeneration
Scrolls
 f - a scroll of teleportation {unknown}
 g - a scroll of amnesia
 h - a scroll of torment
 j - a scroll of fog
 k - 2 scrolls of identify
Potions
 i - a potion of might {unknown}


   Skills:
 + Level 3.5 Fighting
 * Level 6.8 Polearms
 - Level 2.0 Throwing
 + Level 5.2 Dodging


You had 4 spell levels left.
You didn't know any spells.
Your spell library was empty.

Dungeon Overview and Level Annotations

Branches:
Dungeon (3/15)

Altars:
Makhleb
Xom


Innate Abilities, Weirdness & Mutations

((You are quick and stealthy near water. (Stealth+, EV+, Speed+++)))
Your lower body shifts to a powerful aquatic tail in water.
Your mind is acute. (Int +2)
Your magical capacity is low. (-10% MP)
You expend magic power (3 MP) to strengthen your wands.


Message History

You are too injured to fight recklessly!
You are too injured to fight recklessly!
You are too injured to fight recklessly!
You are too injured to fight recklessly!
You are too injured to fight recklessly!
You are too injured to fight recklessly!
You are too injured to fight recklessly!
You are too injured to fight recklessly!
You are too injured to fight recklessly!
You are too injured to fight recklessly!
You are too injured to fight recklessly!
You are too injured to fight recklessly!
You are too injured to fight recklessly!
You are too injured to fight recklessly!
You hit the crimson imp.
The crimson imp is heavily wounded.
You hit the crimson imp.
The crimson imp is severely wounded.
The crimson imp grinds its teeth.
The crimson imp closely misses you.
You barely miss the crimson imp.
The crimson imp is severely wounded.
The crimson imp hits you with a +2 dagger of chaos.
The crimson imp draws strength from your wounds!
You closely miss the crimson imp.
The crimson imp is heavily wounded.
The crimson imp hits you with a +2 dagger of chaos.
* * * LOW HITPOINT WARNING * * *
The crimson imp freezes you.
* * * LOW HITPOINT WARNING * * *
You completely miss the crimson imp.
The crimson imp is moderately wounded.
The crimson imp hits you with a +2 dagger of chaos.
* * * LOW HITPOINT WARNING * * *
You hit the crimson imp but do no damage.
The crimson imp is moderately wounded.
The crimson imp hits you with a +2 dagger of chaos.
* * * LOW HITPOINT WARNING * * *
The crimson imp burns you.
You die...

≈.≈≈≈.≈≈≈≈≈≈≈≈.#.. #.#.#...
≈≈≈≈≈≈≈≈≈.≈≈...#.. #.#.###.
.≈.≈.........#.# #.#.# #.
.........##########
#.#.#### .........# #_._#
#.#..... .........# #...#
#.###### ..†......#
...########.......
.........#
#'##......########
....############@##...#
#...
...............5......#
#...
....###############...#
###... ....# #.....#
#.####.###..... ....#
###.....#####.##....##.#...
....#
#.............##....##.#...
....#
#.#.....########....##.#...
....# #.....# #....##.####
##### ##.....#####
#....##.####


You could see a crimson imp.

Vanquished Creatures
  An orc wizard (D:3)
  7 adders
  A worm (D:2)
  A dart slug (D:2)
  3 orcs (D:3)
  8 endoplasms
  4 giant cockroaches
  7 goblins
  3 hobgoblins
  5 jackals
  2 quokkas (D:1)
  6 ball pythons
  A bat (D:3)
  3 frilled lizards
  4 kobolds
  11 rats
67 creatures vanquished.

Vanquished Creatures (others)
  6 plants (D:3)
6 creatures vanquished.

Grand Total: 73 creatures vanquished

Notes
Turn   | Place    | Note
-------+----------+-------------------------------------------
     0 | D:1      | tardwrangler69 the Merfolk Gladiator began the quest for
                  | the Orb.
     0 | D:1      | Reached XP level 1. HP: 16/16 MP: 1/1
   144 | D:1      | Reached XP level 2. HP: 15/23 MP: 2/2
   408 | D:1      | Found a faded altar of an unknown god.
   538 | D:1      | Reached skill level 5 in Polearms
   971 | D:1      | Reached XP level 3. HP: 28/28 MP: 3/3
  1286 | D:2      | Gained mutation: Your magical capacity is low. (-10% MP)
                  | [potion of mutation]
  1286 | D:2      | Gained mutation: You expend magic power (3 MP) to
                  | strengthen your wands. [potion of mutation]
  1286 | D:2      | Gained mutation: Your mind is acute. (Int +2) [potion of
                  | mutation]
  1478 | D:2      | Reached XP level 4. HP: 34/34 MP: 3/3
  1745 | D:2      | Reached skill level 6 in Polearms
  2249 | D:3      | Reached skill level 5 in Dodging
  2271 | D:3      | Reached XP level 5. HP: 8/41 MP: 4/4
  2902 | D:3      | Found a burning altar of Makhleb.
  2902 | D:3      | Found a shimmering altar of Xom.
  2913 | D:3      | HP: 2/41 [crimson imp/+2 dagger of chaos (5)]
  2913 | D:3      | Slain by a crimson imp

Illustrated notes

Levels and vault maps discovered:
D:1:      nzn_arrival_settlement, layout_basic,
          shapermc_ecumenical_altar_mp_ritualfount, serial_bayou_pond_d
D:2:      layout_loops_ring, kennysheep_generic_room_2
D:3:      layout_basic, grunt_temple_overflow_champion_of_chaos,
          nicolae_tso_besieged_by_evil, chequers_serial_rivers_large_a,
          serial_bayou_ford_a, kennysheep_nondescript

Skill      XL: |  1  2  3  4 |
---------------+-------------+-----
Polearms       | 5 6 |  6.8
Fighting       | 3 |  3.5
Dodging        | 5 |  5.2
Throwing       | |  2.0

Action                   |  1- 3 |  4- 6 || total
-------------------------+-------+-------++-------
Melee: Trident           |   108 |    95 ||   203
       Tailslap          |       |     2 ||     2
  Use: Potion            |     3 |       ||     3
       Scroll            |       |     4 ||     4
 Stab: Sleeping          |     1 |     3 ||     4
Armor: Leather armour    |    21 |     7 ||    28
Dodge: Dodged            |    77 |    41 ||   118

Table legend: (Time is in decaauts)
 A = Elapsed time spent in this place.
 B = Non-inter-level travel time spent in this place.
 C = Inter-level travel time spent in this place.
 D = Time resting spent in this place.
 E = Time spent auto-exploring this place.
 F = Levels seen in this place.
 G = Mean time per level.
                   A        B        C        D        E       F      G
               +--------+--------+--------+--------+--------+-----+--------+
         Total |   2898 |   2831 |     67 |      0 |   2455 |   3 |  966.0 |
       Dungeon |   2898 |   2831 |     67 |      0 |   2455 |   3 |  966.0 |
               +--------+--------+--------+--------+--------+-----+--------+

Top non-repeatable levels by time:
     D:1: 1136 daAuts
     D:2: 1006 daAuts
     D:3: 755 daAuts
